 Dungeon Crawl Stone Soup version 0.21-a0-84-g85d6d27 (webtiles) character file.

749 roflturtle the Vexing (level 7, -4/46 HPs)
             Began as a Vampire Wizard on July 5, 2017.
             Was an Initiate of Vehumet.
             Slain by a bullfrog skeleton (6 damage)
             ... on level 6 of the Dungeon.
             The game lasted 00:33:49 (7527 turns).

roflturtle the Vexing (Vampire Wizard)              Turns: 7527, Time: 00:33:50

Health: -4/46      AC:  7    Str:  6      XL:     7   Next: 48%
Magic:  1/13       EV: 12    Int: 22      God:    Vehumet [......]
Gold:   198        SH:  0    Dex: 11 (13) Spells: 0/14 levels left

rFire    . . .     SeeInvis +   v - +1 dagger (vamp)
rCold    + . .     Gourm    .   (no shield)
rNeg     + + .     Faith    .   w - +2 robe {MR+}
rPois    +         Spirit   .   b - +0 hat
rElec    .         Reflect  .   (no cloak)
rCorr    .         Harm     .   (no gloves)
MR       +....                  e - +2 pair of boots
Stlth    +++.......             (no amulet)
HPRegen  0.07/turn              (no ring)
MPRegen  0.13/turn              (no ring)

@: regenerating slowly
A: fangs 3, see invisible, unbreathing
a: Bat Form, Renounce Religion


You were on level 6 of the Dungeon.
You worshipped Vehumet.
Vehumet was noncommittal.
You were thirsty.

You visited 1 branch of the dungeon, and saw 6 of its levels.

You collected 198 gold pieces.

Inventory:

Hand Weapons
 h - a +1 short sword
 t - a +3 war axe
 v - a +1 vampiric dagger (weapon)
Armour
 a - a +0 robe
 b - a +0 hat (worn)
 e - a +2 pair of boots (worn)
 n - a +2 leather armour of poison resistance
 u - a cursed +0 helmet
 w - a +2 robe of magic resistance (worn)
 x - a +0 robe of cold resistance
Magical Staves
 r - an uncursed staff of fire
Scrolls
 k - a scroll of fear
 o - a scroll of teleportation
 s - 2 scrolls of remove curse
Potions
 d - 4 potions of blood
 f - 7 potions of curing
 g - a potion of flight {unknown}
 i - 2 potions of lignification
 j - 2 potions of heal wounds
 l - a potion of might
 m - a potion of ambrosia {unknown}
 q - 2 potions of agility
 z - a potion of invisibility {unknown}
Books
 c - a book of Minor Magic

   Spells                             Type                      Level
   a - Magic Dart                     Conjuration                  1
   b - Blink                          Translocation                2
   c - Call Imp                       Summoning                    2
   d - Slow                           Hexes                        2
   e - Conjure Flame                  Conjuration/Fire             3
   f - Mephitic Cloud                 Conjuration/Poison/Air       3
 p - a book of Cantrips

   Spells                             Type                      Level
   a - Confusing Touch                Hexes                        1
   b - Animate Skeleton               Necromancy                   1
   c - Summon Small Mammal            Summoning                    1
   d - Apportation                    Translocation                1


   Skills:
 - Level 2.1 Dodging
 - Level 3.0 Stealth
 - Level 4.2 Spellcasting
 - Level 3.3 Conjurations
 - Level 5.3 Hexes
 - Level 2.0 Summonings
 - Level 2.1 Translocations
 - Level 2.2 Air Magic
 + Level 1.9 Poison Magic


You couldn't memorise any spells.
You knew the following spells:

 Your Spells              Type           Power        Failure   Level  Hunger
a - Magic Dart            Conj           ###.         2%          1    None
b - Call Imp              Summ           ##......     8%          2    #......
c - Blink                 Tloc           N/A          7%          2    #......
d - Slow                  Hex            ####....     1%          2    #......
e - Mephitic Cloud        Conj/Pois/Air  ###.....     12%         3    ##.....
f - Conjure Flame         Conj/Fire      ##......     17%         3    ##.....
g - Apportation           Tloc           ##....       4%          1    None


Dungeon Overview and Level Annotations

Branches:
Dungeon (6/15)             Temple (0/1) D:5

Altars:
Gozag
Hepliaklqana
Makhleb
Nemelex Xobeh
Qazlal
Vehumet

Annotations:
D:5 Eustachio, Menkaure, Sigmund


Innate Abilities, Weirdness & Mutations

You heal slowly.
You have razor-sharp teeth.
You have supernaturally acute eyesight. (SInv)
You can survive without breathing.


Message History

Casting: Magic Dart
Confirm with . or Enter, or press ? or * to list all spells.
Aiming: Magic Dart
Press: ? - help, Shift-Dir - straight line, f - orc priest, p - orc priest
Aim: an orc priest, wielding a dagger (almost dead)
The magic dart hits the orc priest.
You kill the orc priest!
Vehumet accepts your kill. The bullfrog skeleton hits you.
* * * LOW HITPOINT WARNING * * *
The quokka skeleton barely misses you.
The bullfrog skeleton closely misses you.
The quokka skeleton bites you but does no damage.
The quokka skeleton bites you.
* * * LOW HITPOINT WARNING * * *
The bullfrog skeleton hits you.
* * * LOW HITPOINT WARNING * * *
The quokka skeleton closely misses you. The bullfrog skeleton hits you.
You die...

### ### #######.# #.#
###.#....## ####
#.####@..#..#..###..#
##...Z...##.##..#...#
##.#.Z...##.####....#
# #.......###.#
##...###
##.)....###)##
#......
##...........#
#......
#............#
#......
.........)........##
#.......
.....)............#
#......##


You could see a quokka skeleton and a bullfrog skeleton.

Vanquished Creatures
  An ogre (D:4)
  An orc priest (D:6)
  2 hounds (D:4)
  A bullfrog skeleton (D:5)
  A worker ant (D:4)
  3 gnolls
  3 adders
  4 dart slugs
  3 leopard geckos
  6 orcs
  3 giant cockroaches
  7 goblins
  5 hobgoblins
  4 jackals
  8 kobolds
  A quokka (D:2)
  13 bats
  5 frilled lizards
  2 leopard gecko skeletons
  5 rats
78 creatures vanquished.

Vanquished Creatures (collateral kills)
  Grinder (D:4)
  Duvessa (D:4)
  An ice beast (D:5)
  Dowan (D:4)
  2 howler monkeys (D:4)
  A bullfrog skeleton (D:4)
  2 iguanas
  A worker ant (D:4)
  A hound skeleton (D:4)
  2 gnolls
  3 adders
  A worm (D:4)
  An adder skeleton (D:4)
  An orc (D:6)
  A hobgoblin (D:2)
  4 jackals (D:1)
  2 quokkas
26 creatures vanquished.

Grand Total: 104 creatures vanquished

Notes
Turn   | Place    | Note
-------+----------+-------------------------------------------
     0 | D:1      | roflturtle the Vampire Wizard began the quest for the Orb.
     0 | D:1      | Reached XP level 1. HP: 13/13 MP: 4/4
   145 | D:1      | Reached skill level 1 in Conjurations
   391 | D:1      | Reached XP level 2. HP: 2/19 MP: 0/6
   709 | D:1      | Learned a level 2 spell: Call Imp
   712 | D:1      | Learned a level 2 spell: Blink
   715 | D:1      | Learned a level 2 spell: Slow
   728 | D:1      | Reached skill level 1 in Translocations
  1461 | D:2      | Found a stormy altar of Qazlal.
  1483 | D:2      | Reached XP level 3. HP: 23/24 MP: 5/7
  1503 | D:2      | Reached skill level 1 in Hexes
  1684 | D:2      | Reached skill level 2 in Hexes
  1843 | D:2      | Reached skill level 3 in Hexes
  2336 | D:2      | Reached XP level 4. HP: 30/30 MP: 6/8
  2848 | D:3      | Found an opulent altar of Gozag.
  3116 | D:3      | Found a faded altar of an unknown god.
  3252 | D:3      | Found a radiant altar of Vehumet.
  3365 | D:3      | Became a worshipper of Vehumet
  3610 | D:4      | Reached XP level 5. HP: 9/35 MP: 0/9
  3615 | D:4      | Learned a level 3 spell: Mephitic Cloud
  3968 | D:4      | Found a hazy altar of Hepliaklqana.
  4420 | D:4      | Noticed Duvessa
  4484 | D:5      | Entered Level 5 of the Dungeon
  4513 | D:5      | Noticed Menkaure
  4552 | D:5      | Found a staircase to the Ecumenical Temple.
  4558 | D:5      | Noticed an ice beast
  4580 | D:5      | Killed an ice beast
  4580 | D:5      | Reached XP level 6. HP: 14/41 MP: 0/10
  5039 | D:4      | Noticed Dowan
  5052 | D:4      | Killed Dowan
  5223 | D:4      | Found a sparkling altar of Nemelex Xobeh.
  5297 | D:4      | Noticed Grinder
  5314 | D:4      | HP: 2/41 [Grinder/nerve-wracking pain (2)]
  5322 | D:4      | Paralysed by Grinder for 5 turns
  5324 | D:4      | HP: 2/41 [Grinder/nerve-wracking pain (1)]
  5724 | D:4      | Killed Duvessa
  5836 | D:3      | Noticed a sky beast
  5855 | D:4      | Paralysed by Grinder for 5 turns
  5860 | D:4      | Killed Grinder
  5860 | D:4      | Reached skill level 5 in Hexes
  5860 | D:4      | Reached XP level 7. HP: 21/46 MP: 1/13
  5980 | D:4      | Reached skill level 1 in Air Magic
  6167 | D:4      | Found a burning altar of Makhleb.
  6446 | D:5      | Noticed Eustachio
  6526 | D:5      | Noticed Sigmund
  6822 | D:4      | Learned a level 3 spell: Conjure Flame
  6824 | D:4      | Learned a level 1 spell: Apportation
  6845 | D:5      | Reached skill level 1 in Poison Magic
  6852 | D:5      | Noticed a two-headed ogre
  7524 | D:6      | HP: 1/46 [bullfrog skeleton (4)]
  7527 | D:6      | Slain by a bullfrog skeleton

Vault maps used:
D:1:      evilmike_arrival_hilbert_curve, serial_bayou_pond_c
D:2:      lemuel_round_altar, first_bread
D:3:      nicolae_overflow_crystal_walls, marbit_many_paths,
          chequers_ecumenical_altar_simple, minmay_misc_feat_doors,
          minmay_stone_trees_large
D:4:      overflow_temple_1_default, lemuel_round_altar,
          makhleb_blood_cavern_becter, uniq_duvessa, uniq_grinder
D:5:      minmay_temple_entry_purple_smoke, sigmund_edmund_badplayer,
          uniq_eustachio, uniq_menkaure
D:6:      lemuel_crystal_altar, uniq_sigmund, uniq_crazy_yiuf_cottage

Skill      XL: |  1  2  3  4  5  6  7 |
---------------+----------------------+-----
Conjurations   | 1 2 3 |  3.3
Translocations | 1 2 |  2.1
Hexes          | 3 5 |  5.3
Summonings     | 2 |  2.0
Spellcasting   | 4 |  4.2
Air Magic      | 2 |  2.2
Poison Magic   | 1 |  1.9
Dodging        | |  2.1
Stealth        | |  3.0

Action                   |  1- 3 |  4- 6 |  7- 9 || total
-------------------------+-------+-------+-------++-------
Melee: Unarmed           |    38 |       |       ||    38
       Bite              |     4 |     6 |     7 ||    17
       Spear             |    43 |    51 |       ||    94
       Short sword       |     6 |     2 |       ||     8
       Staff             |       |    28 |       ||    28
       Dagger            |       |    56 |   109 ||   165
 Cast: Magic Dart        |    96 |    56 |    30 ||   182
       Call Imp          |     9 |    48 |    24 ||    81
       Slow              |     1 |     9 |     7 ||    17
       Mephitic Cloud    |       |       |     3 ||     3
 Abil: End Transformatio |       |       |     2 ||     2
       Bat Form          |       |       |     2 ||     2
  Use: Scroll            |     4 |     5 |     2 ||    11
       Potion            |     3 |     9 |     5 ||    17
 Stab: Sleeping          |     2 |     3 |       ||     5
       Distracted        |       |     3 |       ||     3
Armor: Robe              |    57 |    41 |    65 ||   163
Dodge: Dodged            |   109 |    79 |   135 ||   323
